| TOP OF THE 1ST |
|
Washington State University Cougars batting - Pitching for Oklahoma State University Cowboys : LHP Zach Richards
|
|
Pitching: LHP Zach Richards
|
|
|
Batting: RHB Rafael Collyer
|
0-0: Ball 1-0: Fly out, F8 (Line Drive, 8RS, EV 98.1 MPH)
|
|
Batting: LHB Israel Ariza
|
0-0: Foul Ball, location: 2F 0-1: Ball 1-1: SINGLE (Flyball, 8LS, EV 91.9 MPH)
|
|
Batting: SHB Juan Delanoval
|
0-0: SINGLE (Groundball, 56S, EV 64.4 MPH) (infield hit) Israel Ariza to second
|
|
Batting: RHB Mas Langat
|
0-0: Fly out, F7 (Flyball, 78S, EV 88.1 MPH)
|
|
Batting: LHB Scott Spillers
|
0-0: SINGLE (Line Drive, 6MD, EV 95.6 MPH) Israel Ariza to third Juan Delanoval to second
|
|
Batting: LHB David Jackson
|
0-0: Ball 1-0: Foul Ball, location: 2F 1-1: Swinging Strike 1-2: Ball 2-2: Fly out, F7 (Flyball, 78M, EV 93.1 MPH)
|
| Top of the 1st over - 0 runs, 3 hits, 0 errors, 3 left on base; Washington State University 0 - Oklahoma State University 0 |
| BOTTOM OF THE 1ST |
|
Oklahoma State University Cowboys batting - Pitching for Washington State University Cougars : RHP Steve Cooper
|
|
Pitching: RHP Steve Cooper
|
|
|
Batting: RHB Simon Gravitt
|
0-0: Ball 1-0: Foul Ball, location: 2F 1-1: Foul Ball, location: 2F 1-2: Fly out, F8 (Flyball, 8LD, EV 102.5 MPH)
|
|
Batting: LHB Dwayne Roche
|
0-0: Ball 1-0: Swinging Strike 1-1: Foul Ball, location: 2F 1-2: Reached on error, E3 (Groundball, 3S, EV 71.2 MPH)
|
|
Batting: LHB Kyle David
|
0-0: Foul Ball, location: 2F 0-1: Swinging Strike 0-2: Fly out, F8 (Flyball, 8LD, EV 89.4 MPH)
|
|
Batting: LHB Jeff Williams
|
0-0: Called Strike 0-1: Foul Ball, location: 2F 0-2: Ball Dwayne Roche is caught stealing 2nd base 2-6
|
| Bottom of the 1st over - 0 runs, 0 hits, 1 error, 0 left on base; Washington State University 0 - Oklahoma State University 0 |
| TOP OF THE 2ND |
|
Washington State University Cougars batting - Pitching for Oklahoma State University Cowboys : LHP Zach Richards
|
|
Batting: RHB Ryan Toth
|
0-0: Ball 1-0: Ground out 4-3 (Groundball, 34, EV 79.4 MPH)
|
|
Batting: RHB Ron Essink
|
0-0: Ball 1-0: Fly out, F8 (Flyball, 89S, EV 86.2 MPH)
|
|
Batting: RHB Joe Weber
|
0-0: Called Strike 0-1: Ball 1-1: Foul Ball, location: 2F 1-2: Fly out, F9 (Flyball, 9D, EV 86.9 MPH)
|
| Top of the 2nd over - 0 runs, 0 hits, 0 errors, 0 left on base; Washington State University 0 - Oklahoma State University 0 |
| BOTTOM OF THE 2ND |
|
Oklahoma State University Cowboys batting - Pitching for Washington State University Cougars : RHP Steve Cooper
|
|
Batting: LHB Jeff Williams
|
0-0: Swinging Strike 0-1: SINGLE (Line Drive, 6D, EV 98.1 MPH)
|
|
Batting: RHB Jon Guzman
|
0-0: Ground out 5-3 (Groundball, 5S, EV 75.0 MPH) Jeff Williams to second
|
|
Batting: RHB Rory Cardosi
|
0-0: Swinging Strike 0-1: Swinging Strike 0-2: Ball 1-2: Foul Ball, location: 2F 1-2: Foul Ball, location: 2F 1-2: Ground out U3 (Groundball, 34S, EV 80.0 MPH) Jeff Williams to third
|
|
Batting: RHB Julio Marquez
|
0-0: Foul Ball, location: 2F 0-1: Ball 1-1: Ball 2-1: Foul Ball, location: 2F 2-2: Fly out, F7 (Line Drive, 78M, EV 86.9 MPH)
|
| Bottom of the 2nd over - 0 runs, 1 hit, 0 errors, 1 left on base; Washington State University 0 - Oklahoma State University 0 |
| TOP OF THE 3RD |
|
Washington State University Cougars batting - Pitching for Oklahoma State University Cowboys : LHP Zach Richards
|
|
Batting: RHB Rafael Collyer
|
0-0: Fly out, F9 (Flyball, 9S, EV 80.0 MPH)
|
|
Batting: LHB Israel Ariza
|
0-0: Ball 1-0: Fly out, F8 (Flyball, 78M, EV 85.0 MPH)
|
|
Batting: SHB Juan Delanoval
|
0-0: Ball 1-0: Ball 2-0: Ball 3-0: Base on Balls
|
|
Batting: RHB Mas Langat
|
0-0: Ball 1-0: Ball 2-0: Ball 3-0: Base on Balls Juan Delanoval to second
|
|
Batting: LHB Scott Spillers
|
0-0: Ball 1-0: Ball 2-0: Fly out, F8 (Flyball, 8RD, EV 78.1 MPH)
|
| Top of the 3rd over - 0 runs, 0 hits, 0 errors, 2 left on base; Washington State University 0 - Oklahoma State University 0 |
| BOTTOM OF THE 3RD |
|
Oklahoma State University Cowboys batting - Pitching for Washington State University Cougars : RHP Steve Cooper
|
|
Batting: RHB Estevan Alvarez
|
0-0: Ball 1-0: Swinging Strike 1-1: Foul Ball, location: 2F 1-2: Strikes out swinging
|
|
Batting: RHB Bill Tremblett
|
0-0: Called Strike 0-1: SINGLE (Groundball, 56D, EV 99.4 MPH)
|
|
Batting: RHB Simon Gravitt
|
0-0: Ball 1-0: SINGLE (Line Drive, 78S, EV 113.1 MPH) Bill Tremblett to second
|
|
Batting: LHB Dwayne Roche
|
0-0: Swinging Strike 0-1: Called Strike 0-2: Strikes out looking
|
|
Batting: LHB Kyle David
|
0-0: Called Strike 0-1: Swinging Strike 0-2: Ball 1-2: DOUBLE (Flyball, 8LXD, EV 90.0 MPH) Bill Tremblett scores Simon Gravitt to third
|
|
Batting: LHB Jeff Williams
|
0-0: Ball 1-0: Swinging Strike 1-1: Swinging Strike 1-2: Ball 2-2: Strikes out looking
|
| Bottom of the 3rd over - 1 run, 3 hits, 0 errors, 2 left on base; Washington State University 0 - Oklahoma State University 1 |
| TOP OF THE 4TH |
|
Washington State University Cougars batting - Pitching for Oklahoma State University Cowboys : LHP Zach Richards
|
|
Batting: LHB David Jackson
|
0-0: Called Strike 0-1: Ball 1-1: DOUBLE (Groundball, 3L, EV 101.2 MPH)
|
|
Batting: RHB Ryan Toth
|
0-0: Called Strike 0-1: Foul Ball, location: 2F 0-2: Ground out 6-3 (Groundball, 6, EV 105.0 MPH)
|
|
Batting: RHB Ron Essink
|
0-0: Ball 1-0: Ball 2-0: SINGLE (Line Drive, 89S, EV 106.9 MPH) David Jackson to third Runner from 3rd tries for Home, SAFE, throw by RF to home
|
|
Batting: RHB Joe Weber
|
0-0: Ball 1-0: Ball 2-0: Called Strike 2-1: Foul Ball, location: 2F 2-2: Ball 3-2: Fly out, F8 (Flyball, 8RXD, EV 106.9 MPH)
|
|
Batting: RHB Rafael Collyer
|
0-0: Ball Ron Essink is caught stealing 2nd base 2-4
|
| Top of the 4th over - 1 run, 2 hits, 0 errors, 0 left on base; Washington State University 1 - Oklahoma State University 1 |
| BOTTOM OF THE 4TH |
|
Oklahoma State University Cowboys batting - Pitching for Washington State University Cougars : RHP Steve Cooper
|
|
Batting: RHB Jon Guzman
|
0-0: Called Strike 0-1: Ball 1-1: Foul Ball, location: 2F 1-2: Ball 2-2: Ball 3-2: Ground out 6-3 (Groundball, 56, EV 98.1 MPH)
|
|
Batting: RHB Rory Cardosi
|
0-0: Ball 1-0: SINGLE (Groundball, 56D, EV 96.9 MPH)
|
|
Batting: RHB Julio Marquez
|
0-0: SINGLE (Groundball, 6MD, EV 106.2 MPH) Rory Cardosi to second
|
|
Batting: RHB Estevan Alvarez
|
0-0: Ball 1-0: Ball 2-0: Ball 3-0: Grounds into double play, 6-4-3 (Groundball, 6, EV 80.6 MPH)
|
| Bottom of the 4th over - 0 runs, 2 hits, 0 errors, 1 left on base; Washington State University 1 - Oklahoma State University 1 |
| TOP OF THE 5TH |
|
Washington State University Cougars batting - Pitching for Oklahoma State University Cowboys : LHP Zach Richards
|
|
Batting: RHB Rafael Collyer
|
0-0: Ball 1-0: Ball 2-0: Fly out, F4 (Popup, 4D, EV 50.6 MPH)
|
|
Batting: LHB Israel Ariza
|
0-0: Ball 1-0: Ball 2-0: Called Strike 2-1: Ground out 6-3 (Groundball, 56D, EV 105.0 MPH)
|
|
Batting: SHB Juan Delanoval
|
0-0: Called Strike 0-1: Foul Ball, location: 2F 0-2: Ball 1-2: Ground out 5-3 (Groundball, 5, EV 91.2 MPH)
|
| Top of the 5th over - 0 runs, 0 hits, 0 errors, 0 left on base; Washington State University 1 - Oklahoma State University 1 |
| BOTTOM OF THE 5TH |
|
Oklahoma State University Cowboys batting - Pitching for Washington State University Cougars : RHP Steve Cooper
|
|
Batting: RHB Bill Tremblett
|
0-0: Ball 1-0: Foul Ball, location: 2F 1-1: Foul Ball, location: 2F 1-2: Foul Ball, location: 2F 1-2: Ball 2-2: Strikes out looking
|
|
Batting: RHB Simon Gravitt
|
0-0: Ball 1-0: Called Strike 1-1: Ball 2-1: Ball 3-1: Called Strike 3-2: Ground out 5-3 (Groundball, 56, EV 103.8 MPH)
|
|
Batting: LHB Dwayne Roche
|
0-0: SINGLE (Groundball, 4MD, EV 88.8 MPH) (infield hit)
|
|
Batting: LHB Kyle David
|
0-0: Ball 1-0: Swinging Strike 1-1: Foul Ball, location: 2F 1-2: Foul Ball, location: 2F 1-2: Fielders Choice at 2nd, 5-4 (Groundball, 5, EV 81.2 MPH)
|
| Bottom of the 5th over - 0 runs, 1 hit, 0 errors, 1 left on base; Washington State University 1 - Oklahoma State University 1 |
| TOP OF THE 6TH |
|
Washington State University Cougars batting - Pitching for Oklahoma State University Cowboys : LHP Zach Richards
|
|
Batting: RHB Mas Langat
|
0-0: SINGLE (Groundball, 34D, EV 95.0 MPH)
|
|
Batting: LHB Scott Spillers
|
0-0: Ball 1-0: SINGLE (Groundball, 34D, EV 108.1 MPH) Mas Langat to second Runner from 2nd tries for 3rd, SAFE, throw by RF made to third
|
|
Batting: LHB David Jackson
|
0-0: Fly out, F7 (Flyball, 7LSF, EV 78.1 MPH)
|
|
Batting: RHB Ryan Toth
|
0-0: SINGLE (Line Drive, 8RS, EV 110.6 MPH) Mas Langat scores Scott Spillers to second
|
|
Batting: RHB Ron Essink
|
0-0: Called Strike 0-1: Called Strike 0-2: Ball 1-2: Ball 2-2: Grounds into double play, 4-6-3 (Groundball, 4, EV 99.4 MPH)
|
| Top of the 6th over - 1 run, 3 hits, 0 errors, 1 left on base; Washington State University 2 - Oklahoma State University 1 |
| BOTTOM OF THE 6TH |
|
Oklahoma State University Cowboys batting - Pitching for Washington State University Cougars : RHP Steve Cooper
|
|
Batting: LHB Jeff Williams
|
0-0: Foul Ball, location: 2F 0-1: Swinging Strike 0-2: SINGLE (Line Drive, 4M, EV 98.1 MPH)
|
|
Pitching: RHP Gerbrand Lubbers
|
|
|
Batting: RHB Jon Guzman
|
0-0: Called Strike 0-1: Ball 1-1: Ball 2-1: Swinging Strike 2-2: Strikes out looking
|
|
Batting: RHB Rory Cardosi
|
0-0: Ball 1-0: Ball 2-0: Called Strike 2-1: Ball 3-1: Grounds into double play, 5-4-3 (Groundball, 56, EV 86.9 MPH)
|
| Bottom of the 6th over - 0 runs, 1 hit, 0 errors, 0 left on base; Washington State University 2 - Oklahoma State University 1 |
| TOP OF THE 7TH |
|
Washington State University Cougars batting - Pitching for Oklahoma State University Cowboys : LHP Zach Richards
|
|
Batting: RHB Joe Weber
|
0-0: Foul Ball, location: 2F 0-1: Foul Ball, location: 2F 0-2: Ball 1-2: Ball 2-2: Ball 3-2: Foul Ball, location: 2F 3-2: Base on Balls
|
|
Batting: RHB Rafael Collyer
|
0-0: Bunted foul 0-1: Sac Bunt to 15 - play at first, batter OUT! 1-4 Joe Weber to second
|
|
Pitching: RHP Lisiate Iugini
|
|
|
Batting: LHB Israel Ariza
|
0-0: Ball 1-0: Called Strike 1-1: Swinging Strike 1-2: Foul Ball, location: 2F 1-2: Foul Ball, location: 2F 1-2: Fly out, F7 (Flyball, 7S, EV 97.5 MPH)
|
|
Batting: SHB Juan Delanoval
|
0-0: Called Strike 0-1: Ball 1-1: Ball 2-1: Foul Ball, location: 2F 2-2: Ball 3-2: Base on Balls
|
|
Batting: RHB Mas Langat
|
0-0: Ball 1-0: Ball 2-0: Fly out, F7 (Line Drive, 7, EV 88.8 MPH)
|
| Top of the 7th over - 0 runs, 0 hits, 0 errors, 2 left on base; Washington State University 2 - Oklahoma State University 1 |
| BOTTOM OF THE 7TH |
|
Oklahoma State University Cowboys batting - Pitching for Washington State University Cougars : RHP Gerbrand Lubbers
|
|
Batting: RHB Julio Marquez
|
0-0: Foul Ball, location: 2F 0-1: Swinging Strike 0-2: Fly out, F7 (Flyball, 78S, EV 88.1 MPH)
|
|
Batting: RHB Estevan Alvarez
|
0-0: Ball 1-0: Called Strike 1-1: Foul Ball, location: 2F 1-2: Strikes out swinging
|
|
Batting: RHB Bill Tremblett
|
0-0: Swinging Strike 0-1: Called Strike 0-2: Foul Ball, location: 2F 0-2: Strikes out looking
|
| Bottom of the 7th over - 0 runs, 0 hits, 0 errors, 0 left on base; Washington State University 2 - Oklahoma State University 1 |
| TOP OF THE 8TH |
|
Washington State University Cougars batting - Pitching for Oklahoma State University Cowboys : RHP Lisiate Iugini
|
|
Pitching: LHP Tony Bustillos
|
|
|
Batting: LHB Scott Spillers
|
0-0: Ball 1-0: Ball 2-0: Foul Ball, location: 2F 2-1: Foul Ball, location: 2F 2-2: Foul Ball, location: 2F 2-2: Foul Ball, location: 2F 2-2: Strikes out swinging, 2-3 out at first.
|
|
Batting: LHB David Jackson
|
0-0: Swinging Strike 0-1: Swinging Strike 0-2: Ball 1-2: Foul Ball, location: 2F 1-2: Ball 2-2: Strikes out looking
|
|
Pitching: LHP Julian Judge
|
|
|
Batting: RHB Ryan Toth
|
0-0: Ground out 4-3 (Groundball, 4, EV 105.0 MPH)
|
| Top of the 8th over - 0 runs, 0 hits, 0 errors, 0 left on base; Washington State University 2 - Oklahoma State University 1 |
| BOTTOM OF THE 8TH |
|
Oklahoma State University Cowboys batting - Pitching for Washington State University Cougars : RHP Gerbrand Lubbers
|
|
Batting: RHB Simon Gravitt
|
0-0: Called Strike 0-1: Fly out, F8 (Flyball, 8LM, EV 96.9 MPH)
|
|
Pitching: LHP Scott Bradley
|
|
|
Pinch Hitting: RHB Magnus Laursen
|
0-0: Called Strike 0-1: Fly out, F9 (Flyball, 89M, EV 75.6 MPH)
|
|
Batting: LHB Kyle David
|
0-0: Ball 1-0: Ball 2-0: Swinging Strike 2-1: Foul Ball, location: 2F 2-2: Fly out, F7 (Flyball, 7LS, EV 89.4 MPH)
|
| Bottom of the 8th over - 0 runs, 0 hits, 0 errors, 0 left on base; Washington State University 2 - Oklahoma State University 1 |
| TOP OF THE 9TH |
|
Washington State University Cougars batting - Pitching for Oklahoma State University Cowboys : LHP Julian Judge
|
|
Now in LF: Magnus Laursen
|
|
|
Batting: RHB Ron Essink
|
0-0: Ball 1-0: Ball 2-0: Called Strike 2-1: Swinging Strike 2-2: Ball 3-2: Base on Balls
|
|
Batting: RHB Joe Weber
|
0-0: Called Strike 0-1: Called Strike Ron Essink is caught stealing 2nd base 2-4 0-2: Foul Ball, location: 2F 0-2: Foul Ball, location: 2F 0-2: Strikes out swinging
|
|
Batting: RHB Rafael Collyer
|
0-0: Called Strike 0-1: Ball 1-1: Ground out 5-3 (Groundball, 56, EV 89.4 MPH)
|
| Top of the 9th over - 0 runs, 0 hits, 0 errors, 0 left on base; Washington State University 2 - Oklahoma State University 1 |
| BOTTOM OF THE 9TH |
|
Oklahoma State University Cowboys batting - Pitching for Washington State University Cougars : LHP Scott Bradley
|
|
Pitching: RHP Arthur Scholten
|
|
|
Batting: LHB Jeff Williams
|
0-0: Called Strike 0-1: Swinging Strike 0-2: Strikes out swinging
|
|
Batting: LHB Cory Rohr
|
0-0: Called Strike 0-1: Ball 1-1: Ball 2-1: Ball 3-1: Foul Ball, location: 2F 3-2: Ground out 4-3 (Groundball, 13, EV 78.1 MPH)
|
|
Batting: RHB Rory Cardosi
|
0-0: Ball 1-0: Called Strike 1-1: Ground out 6-3 (Groundball, 56S, EV 91.2 MPH)
|
| Bottom of the 9th over - 0 runs, 0 hits, 0 errors, 0 left on base; Washington State University 2 - Oklahoma State University 1 |
|